 Dungeon Crawl Stone Soup version 0.24.0-13-gcf9b319 (webtiles) character file.

Game seed: 10815074650989724054, levelgen mode: deterministic

1039 Bronimir the Ogre Mage (level 8, -1/70 HPs)
             Began as an Ogre Fire Elementalist on Mar 30, 2020.
             Was an Initiate of Okawaru.
             Slain by a killer bee (3 damage)
             ... on level 4 of the Dungeon.
             The game lasted 00:12:32 (5696 turns).

Bronimir the Ogre Mage (Ogre Fire Elementalist)     Turns: 5696, Time: 00:12:33

Health: -1/70      AC:  4    Str: 15    XL:     8   Next: 24%
Magic:  13/17      EV: 10    Int: 16    God:    Okawaru [......]
Gold:   230        SH:  0    Dex:  9    Spells: 9/19 levels left

rFire    + . .     SeeInvis .   a - +0 giant club
rCold    + . .     Gourm    .   (shield currently unavailable)
rNeg     . . .     Faith    .   e - +0 robe
rPois    +         Spirit   .   (helmet restricted)
rElec    +         Reflect  .   E - +0 cloak
rCorr    +         Harm     .   (gloves unavailable)
MR       .....                  (boots unavailable)
Stlth    +.........             (no amulet)
HPRegen  0.21/turn              (no ring)
MPRegen  0.15/turn              (no ring)

@: lethally poisoned (-1 -> -6), resistant, flying
A: large, unfitting armour, tough skin 1
a: Renounce Religion


You were on level 4 of the Dungeon.
You worshipped Okawaru.
Okawaru was noncommittal.
You were near starving.

You visited 2 branches of the dungeon, and saw 5 of its levels.

You collected 230 gold pieces.

Inventory:

Hand Weapons
 a - a +0 giant club (weapon)
 v - a +0 scythe
 G - a +0 mace
Missiles
 d - 118 stones
 j - 51 sling bullets
 n - 63 bolts
 s - 15 poisoned darts (quivered)
 F - 88 arrows
Armour
 e - a +0 robe (worn)
 E - a +0 cloak (worn)
Jewellery
 g - an uncursed ring of ice {unknown}
 r - an uncursed ring of ice {unknown}
 y - a +3 ring of dexterity {unknown}
 A - a +4 ring of dexterity {unknown}
Wands
 x - a wand of flame (13)
 D - a wand of random effects (19)
Scrolls
 b - 5 scrolls of enchant armour {unknown}
 l - 4 scrolls of fog {unknown}
 q - 3 scrolls of enchant weapon {unknown}
 t - 3 scrolls of remove curse {unknown}
 u - a scroll of amnesia {unknown}
 w - 4 scrolls of identify {unknown}
 B - a scroll of teleportation {unknown}
Potions
 f - a potion of ambrosia
 i - a potion of might
 m - a potion of berserk rage {unknown}
 o - 2 potions of agility
 p - a potion of lignification
 z - 3 potions of curing
 C - a potion of invisibility {unknown}
Comestibles
 c - 16 rations


   Skills:
 + Level 1.3 Fighting
 + Level 1.8 Maces & Flails
 + Level 0.5 Throwing
 + Level 2.3 Dodging
 - Level 1.4 Stealth
 * Level 6.3 Spellcasting
 * Level 4.2 Conjurations
 * Level 5.3 Fire Magic


You had 9 spell levels left.
You knew the following spells:

 Your Spells              Type           Power        Failure   Level  Hunger
a - Flame Tongue          Conj/Fire      ###..        1%          1    None
b - Throw Flame           Conj/Fire      ###...       2%          2    None
c - Conjure Flame         Conj/Fire      ###.....     5%          3    ##.....
d - Sticky Flame          Conj/Fire      ###.....     19%         4    ####...

Your spell library contained the following spells:

 Spells                   Type           Power        Failure   Level  Hunger
 Inner Flame              Hex/Fire       ##......     14%         3    ##.....
 Fireball                 Conj/Fire      ###.......   45%         5    #####..


Dungeon Overview and Level Annotations

Branches:
Dungeon (4/15)             Temple (1/1) D:4

Altars:
Ashenzari
Cheibriados
Dithmenos
Elyvilon
Fedhas
Hepliaklqana
Kikubaaqudgha
Okawaru
Wu Jian
Xom
Yredelemnul
Zin
The Shining One


Innate Abilities, Weirdness & Mutations

You are too large for most types of armour.
You have tough skin. (AC +1)


Message History

Aiming: Flame Tongue (safe; 1% risk of failure)
Press: ? - help, Shift-Dir - straight line, f/p - killer bee
Aim: a killer bee (moderately wounded)
The flame tongue hits the killer bee but does no damage.
The killer bee is moderately wounded.
You feel sick. The killer bee misses you. The killer bee stings you.
* * * LOW HITPOINT WARNING * * *
The howler monkey hoots and howls with incredible vigour!
It was a potion of resistance.
You feel protected.
* * * LOW HITPOINT WARNING * * *
You feel sick. The killer bee stings you.
* * * LOW HITPOINT WARNING * * *
The killer bee stings you but does no damage.
It was a potion of flight.
You feel very buoyant.
You fly up into the air.
* * * LOW HITPOINT WARNING * * *
You feel sick. The killer bee stings you.
You die...

##.##############.# #.....# #
##...##### #.###.###.# #...[....#
#.....# #.###### #....###.#
####### #....... .#....##.#
#....... ###....>.# #.......
.#....##.# ######## #....###.#
############
#.#.#....###....@yhhO.#########
....#.##.....######Oo..........
.....#.......#########.########
....#.##.........####..###...####
....#.##.....###.##.h..##.....##.
#............# #.##....#.......##
#####.######.# #.#.....#.......##
#.# ##.###.#..O.##......)#.
#####.# ##.#.##.#....###.....##.


You could see 2 ogres, 2 howler monkeys, a killer bee and an orc.

Vanquished Creatures
  Grinder (D:3)
  Sigmund (D:2)
  An ogre (D:4)
  A bullfrog (D:4)
  3 wights
  4 orc wizards (D:4)
  An orc priest (D:4)
  A centaur skeleton (D:4)
  An iguana (D:4)
  3 worker ants (D:4)
  Robin (D:3)
  3 adders
  An ooze (D:2)
  4 worms
  3 adder skeletons (D:4)
  A dart slug (D:2)
  3 leopard geckos
  2 orcs
  3 giant cockroaches
  16 goblins
  17 hobgoblins
  3 jackals (D:3)
  8 kobolds
  2 quokkas
  2 ball pythons (D:1)
  4 bats
  5 frilled lizards
  6 rats
101 creatures vanquished.

Notes
Turn   | Place    | Note
-------+----------+-------------------------------------------
     0 | D:1      | Bronimir the Ogre Fire Elementalist began the quest for the
                  | Orb.
     0 | D:1      | Reached XP level 1. HP: 16/16 MP: 3/3
   388 | D:1      | Reached skill level 1 in Conjurations
   388 | D:1      | Reached XP level 2. HP: 8/24 MP: 1/5
   690 | D:1      | Learned a level 2 spell: Throw Flame
  1094 | D:1      | Reached skill level 3 in Spellcasting
  1097 | D:1      | Reached XP level 3. HP: 31/31 MP: 2/7
  1871 | D:2      | Reached XP level 4. HP: 37/39 MP: 3/9
  2031 | D:2      | Noticed Sigmund
  2041 | D:2      | Killed Sigmund
  2041 | D:2      | Reached skill level 4 in Spellcasting
  2041 | D:2      | Reached XP level 5. HP: 24/46 MP: 1/12
  2041 | D:2      | Reached XP level 6. HP: 29/54 MP: 1/13
  2386 | D:2      | Learned a level 3 spell: Conjure Flame
  2395 | D:2      | Learned a level 4 spell: Sticky Flame
  2654 | D:3      | Found a faded altar of an unknown god.
  2703 | D:3      | Noticed Robin
  2883 | D:3      | Killed Robin
  3657 | D:2      | Reached skill level 5 in Spellcasting
  4026 | D:3      | Found a basalt altar of Yredelemnul.
  4030 | D:3      | Noticed Grinder
  4046 | D:3      | Killed Grinder
  4046 | D:3      | Reached skill level 1 in Fighting
  4046 | D:3      | Reached XP level 7. HP: 45/62 MP: 2/15
  4140 | D:3      | Found a glowing golden altar of the Shining One.
  4142 | D:3      | Noticed an angel
  4516 | D:4      | Found a snail-covered altar of Cheibriados.
  4551 | D:4      | Reached skill level 5 in Fire Magic
  4553 | D:4      | Reached skill level 1 in Maces & Flails
  4567 | D:4      | Reached XP level 8. HP: 34/70 MP: 2/16
  4833 | D:4      | Reached skill level 6 in Spellcasting
  5110 | D:4      | Found a staircase to the Ecumenical Temple.
  5127 | Temple   | Entered the Ecumenical Temple
  5366 | Temple   | Became a worshipper of Warmaster Okawaru
  5695 | D:4      | HP: 3/70 [killer bee (2)]
  5696 | D:4      | Slain by a killer bee

Levels and vault maps discovered:
D:1:      dpeg_arrival_morbid_curiosity, layout_basic, minmay_misc_feat_alley
D:2:      layout_loops_corners, minmay_tetromino_o2, uniq_sigmund
D:3:      layout_basic, grunt_temple_overflow_holy_war,
          chequers_ecumenical_altar_simple, uniq_robin, uniq_grinder
D:4:      minmay_opposing_rooms, layout_loops_ring, cheibriados_altar_1,
          minmay_temple_entry_statues_pillars, chequers_ossuary_entry_cave
Temple:   dpeg_chambers_temple

Skill      XL: |  1  2  3  4  5  6  7  8 |
---------------+-------------------------+-----
Fire Magic     | 3 4 5 |  5.3
Conjurations   | 1 2 3 4 |  4.2
Spellcasting   | 3 4 5 6 |  6.3
Dodging        | 2 |  2.3
Fighting       | 1 |  1.3
Maces & Flails | 1 |  1.8
Throwing       | |  0.5
Stealth        | |  1.4

Action                   |  1- 3 |  4- 6 |  7- 9 || total
-------------------------+-------+-------+-------++-------
Melee: Unarmed           |     4 |       |       ||     4
       Mace              |     5 |    19 |    36 ||    60
Throw: Dart              |     4 |     3 |     4 ||    11
 Cast: Flame Tongue      |    69 |   120 |    50 ||   239
       Throw Flame       |       |     1 |     7 ||     8
Evoke: Wand              |       |       |     1 ||     1
  Use: Potion            |       |     1 |     6 ||     7
 Stab: Sleeping          |       |       |     3 ||     3
  Eat: Chunk             |     3 |     3 |       ||     6
       Ration            |       |     1 |     1 ||     2
Armor: Robe              |    10 |    14 |    17 ||    41
       Skin              |       |       |     2 ||     2
Dodge: Dodged            |    28 |    59 |    37 ||   124
